 Dungeon Crawl Stone Soup version 0.27.0-1-g7a089689b8 (webtiles) character file.

Game seed: 8702455278570982263

8120 SkeletonJelly the Fighter (level 11, -9/99 HPs)
             Began as a Green Draconian Monk on Aug 9, 2021.
             Was a High Priest of Kikubaaqudgha.
             Shot with an arrow by a centaur warrior (18 damage)
             ... on level 10 of the Dungeon.
             The game lasted 00:20:38 (11499 turns).

SkeletonJelly the Fighter (Green Draconian Monk)   Turns: 11499, Time: 00:20:38

Health: -9/99      AC:  9    Str:  9    XL:     11   Next: 5%
Magic:  0/21       EV:  6    Int: 18    God:    Kikubaaqudgha [*****.]
Gold:   556        SH:  0    Dex: 14    Spells: 18/23 levels left

rFire    . . .     SeeInvis .   F - +10 scimitar of the Two Names {protect, Str-4 Int+4}
rCold    . . .     Faith    .   (no shield)
rNeg     . . .     Spirit   +   (armour unavailable)
rPois    +         Reflect  .   (helmet restricted)
rElec    .         Harm     .   e - +1 cloak
rCorr    +         Rampage  .   (no gloves)
Will     .....                  (no boots)
Stlth    ++........             g - amulet of guardian spirit
HPRegen  0.26/turn              y - ring of resist corrosion
MPRegen  0.17/turn              (no ring)

@: petrifying, very slow
A: breathe noxious fumes, AC +7, unfitting armour, poison resistance,
cold-blooded
a: Breathe Noxious Fumes, Renounce Religion, Receive Corpses, Torment


You were on level 10 of the Dungeon.
You worshipped Kikubaaqudgha.
Kikubaaqudgha was extremely pleased with you.
You visited 1 branch of the dungeon, and saw 10 of its levels.

You collected 556 gold pieces.

Inventory:

Hand Weapons
 a - a +0 falchion
 h - a +2 short sword of venom
 u - a +0 long sword
 x - the +9 dagger "Lifebane" {antimagic, Dex+4}
   (You found it on level 5 of the Dungeon)

   It reduces the magical energy of the wielder, and disrupts the spells and
   magical abilities of those it strikes.
   Natural abilities and divine invocations are not affected.
   Dex:       It affects your dexterity (+4).
 F - the +10 scimitar of the Two Names (weapon) {protect, Str-4 Int+4}
   (You found it on level 6 of the Dungeon)

   It grants its wielder temporary protection when it strikes (+7 to AC).
   Str:       It affects your strength (-4).
   Int:       It affects your intelligence (+4).
Missiles
 b - 8 boomerangs
 q - 37 poisoned darts
 N - a throwing net
Armour
 e - a +1 cloak (worn)
 r - a +0 pair of boots
 w - a +0 pair of boots
 z - a +0 pair of boots
 G - a +2 pair of gloves
Magical Staves
 A - a staff of conjuration
Jewellery
 g - an amulet of guardian spirit (around neck)
 m - a ring of positive energy
 t - a ring of positive energy
 y - a ring of resist corrosion (left hand)
Wands
 H - a wand of digging (6)
 I - a wand of iceblast (12)
 P - a wand of mindburst (12)
Scrolls
 f - 2 scrolls of enchant weapon {unknown}
 j - 2 scrolls of immolation {unknown}
 k - 6 scrolls of teleportation {unknown}
 l - 7 scrolls of identify
 n - a scroll of noise {unknown}
 v - 2 scrolls of enchant armour
 E - 3 scrolls of torment {unknown}
 K - a scroll of holy word {unknown}
 M - a scroll of fear {unknown}
Potions
 c - a potion of lignification
 d - a potion of invisibility
 i - a potion of heal wounds {unknown}
 o - a potion of attraction {unknown}
 p - 2 potions of might
 s - 2 potions of haste {unknown}
 B - 2 potions of ambrosia {unknown}
 C - a potion of resistance {unknown}
 D - a potion of flight {unknown}
 J - 2 potions of curing {unknown}
 L - 2 potions of cancellation {unknown}
 O - 2 potions of brilliance {unknown}
 Q - a potion of degeneration {unknown}


   Skills:
 - Level 10.0 Fighting
 - Level 9.0 Long Blades
 - Level 2.6 Dodging
 - Level 1.7 Stealth
 * Level 6.8 Spellcasting
 + Level 9.6 Necromancy


You had 18 spell levels left.
You knew the following spells:

 Your Spells              Type           Power      Damage    Failure   Level
a - Animate Skeleton      Necr           82%        N/A       1%          1
d - Animate Dead          Necr           20%        N/A       1%          4

Your spell library contained the following spells:

 Spells                   Type           Power      Damage    Failure   Level
 Pain                     Necr           100%       1d9       1%          1
 Sublimation of Blood     Necr           20%        N/A       1%          2
 Vampiric Draining        Necr           20%        2d8       1%          3
 Dispel Undead            Necr           41%        3d16      1%          4
 Excruciating Wounds      Necr           20%        N/A       6%          5
 Magic Dart               Conj           24%        1d4       11%         1
 Shock                    Conj/Air       24%        1d4       11%         1
 Call Imp                 Summ           6%         N/A       17%         2
 Ensorcelled Hibernation  Hex/Ice        12%        N/A       17%         2
 Mephitic Cloud           Conj/Pois/Air  6%         N/A       32%         3
 Spider Form              Tmut/Pois      3%         N/A       32%         3
 Summon Guardian Golem    Hex/Summ       6%         N/A       32%         3
 Swiftness                Air            6%         N/A       32%         3
 Death Channel            Necr           20%        N/A       32%         6
 Borgnjor's Vile Clutch   Necr/Erth      11%        N/A       38%         5
 Airstrike                Air            3%         N/A       73%         4
 Shadow Creatures         Summ           N/A        N/A       100%        6
 Orb of Destruction       Conj           3%         9d1       100%        7
 Spellforged Servitor     Conj/Summ      3%         N/A       100%        7


Dungeon Overview and Level Annotations

Branches:
Dungeon (10/15)            Temple (0/1) D:5            Lair (0/6) D:10
    Orc: D:9-12

Altars:
Cheibriados
Dithmenos
Fedhas
Kikubaaqudgha
Qazlal
Trog
Xom
Zin

Shops:
D:1 ?   D:6 =   D:7 [   D:9 *

Annotations:
D:6 3 runed translucent doors, ZombieSheep's ghost, amateur GnWn


Innate Abilities, Weirdness & Mutations

You can breathe blasts of noxious fumes.
Your lurid green scales are hard. (AC +7)
You cannot fit into any form of body armour.
Your system is resistant to poisons. (rPois)
You are cold-blooded and may be slowed by cold attacks.


Message History

You slash the centaur! You tail-slap the centaur.
You kill the centaur!
Kikubaaqudgha accepts your kill.
A cyclops comes into view.
The yak gores you but does no damage.
You slash the yak!
The yak is moderately wounded.
The yak barely misses you.
You riposte.
You hit the yak. You tail-slap the yak.
The yak is heavily wounded.
You slash the yak!
The yak is severely wounded.
The yak gores you.
The cyclops throws a large rock.
The large rock barely misses you. The basilisk gazes at you.
You resist with some effort.
You hit the yak.
The yak is almost dead.
A centaur warrior comes into view.
The yak gores you but does no damage. The basilisk gazes at you.
You are slowing down.
The yak completely misses you.
You riposte.
The centaur warrior shouts!
You slash the yak!
You kill the yak!
Kikubaaqudgha accepts your kill.
The basilisk bites you but does no damage.
You hear a shout!
Your limbs are stiffening.
Kikubaaqudgha delivers you corpses!
The basilisk bites you but does no damage. x2
You have turned to stone.
The cyclops throws a large rock.
The large rock completely misses you. The basilisk barely misses you.
The cyclops throws a large rock.
The large rock hits you!!! The basilisk bites you.
The basilisk bites you but does no damage.
The cyclops throws a large rock.
The large rock hits you!! The basilisk gazes at you.
The cyclops throws a large rock.
The large rock hits you!! The basilisk bites you. The basilisk gazes at you.
You resist with some effort. The basilisk bites you. The cyclops hits you.
The basilisk bites you but does no damage.
The centaur warrior hits you.
The centaur warrior kicks you but does no damage.
The cyclops hits you!! The basilisk bites you!
The centaur warrior barely misses you.
The centaur warrior kicks you but does no damage.
The centaur warrior hits you but does no damage.
The centaur warrior kicks you but does no damage.
The basilisk gazes at you.
You turn to flesh and can move again.
Unknown command.
Unknown command.
Unknown command.
Unknown command.
Unknown command.
Casting: Animate Dead (mildly dangerous; 1% risk of failure)
Confirm with . or Enter, or press ? or * to list all spells.
You call on the dead to rise...
The dead are walking!
The centaur warrior hits you but does no damage.
The centaur warrior closely misses you. The cyclops closely misses you.
You riposte.
You slash the cyclops!
Your weapon exudes an aura of protection.
The cyclops is moderately wounded.
The basilisk gazes at you. You resist with some effort.
You swap places.
A five-headed hydra comes into view.
The centaur warrior wields a +0 shortbow.
The centaur warrior shoots an arrow.
The arrow hits your troll zombie!!
Your troll zombie is destroyed!
Your centaur zombie hits the centaur warrior.
Your centaur zombie kicks the centaur warrior.
The basilisk bites you!
The five-headed hydra moves out of view.
You swap places.
The five-headed hydra roars!
Your orc wizard zombie hits the basilisk but does no damage.
The centaur warrior shoots an arrow.
The arrow hits your orc wizard zombie!
The centaur warrior shoots an arrow.
The arrow hits your orc wizard zombie!
Your orc wizard zombie is destroyed!
The cyclops throws a large rock.
The large rock barely misses you.
The centaur warrior shoots an arrow.
The arrow hits you!!
* * * LOW HITPOINT WARNING * * *
The basilisk gazes at you.
You are slowing down.
As you read the scroll labelled YPTOD JECOPT, it crumbles to dust.
It is a scroll of enchant armour.
Your +0 cloak glows green for a moment.
The centaur warrior shoots an arrow.
The arrow hits you!
* * * LOW HITPOINT WARNING * * *
The cyclops throws a large rock.
The large rock hits you.
* * * LOW HITPOINT WARNING * * *
The centaur warrior shoots an arrow.
The arrow hits you!!
You die...
Kikubaaqudgha rasps: "You have failed me!
Welcome... death!"

..... ..... ...###....
##......## #.....)..#
#.Z# .. ####cC######
........#
#[.#..#..#..#........
#.)......#....>.....#
##D...l@###...#....##
#......###.!......#.....#
....... #..............#
..#..#. #$.#...........#
# #..## ####...##..<...#
#. #..#........#.## .
#.......##..# .. ..
..###.......#.## #.#
#......)........ #


You could see a five-headed hydra, a centaur warrior, a cyclops and a basilisk.

Vanquished Creatures
  3 two-headed ogres
  Joseph (D:7)
  A troll (D:10)
  A hornet (D:9)
  Sigmund (D:3)
  7 yaks
  A shadow (D:9)
  Eustachio (D:6)
  A steam dragon (D:6)
  An acid dragon (D:7)
  4 water moccasins
  3 orc warriors
  2 sky beasts
  An ice beast (D:6)
  A necrophage (D:7)
  3 centaurs
  2 ogres
  3 phantoms
  A kobold brigand (D:8)
  4 bullfrogs
  A gnoll sergeant (D:8)
  A scorpion (D:4)
  4 water moccasin zombies
  A water moccasin skeleton (D:3)
  3 electric eels (D:9)
  5 wights (D:9)
  4 howler monkeys
  A bullfrog zombie (D:6)
  3 centaur zombies
  A jelly (D:4)
  2 bullfrog skeletons
  4 orc priests
  A centaur skeleton (D:5)
  4 hounds
  An iguana (D:5)
  2 orc wizards
  A scorpion zombie (D:5)
  A killer bee zombie (D:8)
  2 hound skeletons (D:4)
  6 gnolls
  7 adders
  A shadow imp (D:5)
  An ufetubus (D:5)
  2 worms
  A dart slug (D:3)
  21 orcs
  4 bats
  3 endoplasms
  10 giant cockroaches
  3 goblins
  5 hobgoblins
  5 jackals
  8 kobolds
  8 quokkas
  6 ball pythons
  4 frilled lizards
  7 rats
186 creatures vanquished.

Vanquished Creatures (collateral kills)
  2 orc wizards (D:9)
  2 orcs (D:9)
4 creatures vanquished.

Vanquished Creatures (others)
  14 plants (D:9)
14 creatures vanquished.

Grand Total: 204 creatures vanquished

Notes
Turn   | Place    | Note
-------+----------+-------------------------------------------
     0 | D:1      | SkeletonJelly the Draconian Monk began the quest for the
                  | Orb.
     0 | D:1      | Reached XP level 1. HP: 19/19 MP: 1/1
   247 | D:1      | Reached XP level 2. HP: 12/26 MP: 2/2
   596 | D:1      | Found Menysir's Magic Scroll Boutique.
   625 | D:1      | Reached XP level 3. HP: 29/31 MP: 3/3
  1138 | D:2      | Found a faded altar of an unknown god.
  1232 | D:2      | Became a worshipper of Kikubaaqudgha
  1232 | D:2      | Reached * piety under Kikubaaqudgha
  1232 | D:2      | Received a gift from Kikubaaqudgha
  1232 | D:2      | Reached ** piety under Kikubaaqudgha
  1269 | D:2      | Learned a level 1 spell: Animate Skeleton
  1802 | D:3      | Reached XP level 4. HP: 13/38 MP: 1/4
  1807 | D:3      | HP: 1/38 [water moccasin zombie (3)]
  1809 | D:3      | Reached skill level 5 in Long Blades
  1809 | D:3      | Reached skill level 1 in Necromancy
  2161 | D:3      | Reached XP level 5. HP: 32/45 MP: 5/5
  2806 | D:3      | Reached *** piety under Kikubaaqudgha
  2806 | D:3      | Received a gift from Kikubaaqudgha
  2927 | D:3      | Noticed Sigmund
  2938 | D:3      | Killed Sigmund
  2939 | D:3      | Reached XP level 6. HP: 51/51 MP: 6/6
  3602 | D:4      | Found a blossoming altar of Fedhas.
  3602 | D:4      | Found a snail-covered altar of Cheibriados.
  3657 | D:4      | Your scales start taking on a lurid green colour.
  3657 | D:4      | Reached XP level 7. HP: 49/57 MP: 7/7
  3657 | D:4      | Gained mutation: Your system is resistant to poisons.
                  | (rPois) [Green Draconian growth]
  4848 | D:5      | Entered Level 5 of the Dungeon
  4897 | D:5      | Found an ancient bone altar of Kikubaaqudgha.
  4897 | D:5      | Found a shadowy altar of Dithmenos.
  5125 | D:5      | Found a stormy altar of Qazlal.
  5201 | D:5      | Found a glowing silver altar of Zin.
  5220 | D:5      | Reached **** piety under Kikubaaqudgha
  5223 | D:5      | Reached XP level 8. HP: 6/63 MP: 8/8
  5747 | D:5      | Found a staircase to the Ecumenical Temple.
  5754 | D:5      | Identified the +9 dagger "Lifebane" {antimagic, Dex+4}
  6100 | D:6      | Found a runed translucent gate.
  6100 | D:6      | Found a runed translucent gate.
  6100 | D:6      | Found a runed translucent gate.
  6101 | D:6      | Noticed ZombieSheep's ghost (amateur GnWn)
  6139 | D:6      | Reached skill level 5 in Necromancy
  6291 | D:6      | Noticed Eustachio
  6295 | D:6      | Reached skill level 4 in Fighting
  6320 | D:6      | Killed Eustachio
  6321 | D:6      | Reached skill level 5 in Fighting
  6574 | D:6      | Identified the +10 scimitar of the Two Names {protect,
                  | Str-4 Int+4}
  6706 | D:6      | Reached skill level 6 in Fighting
  6807 | D:6      | Found a bloodstained altar of Trog.
  7048 | D:6      | Reached XP level 9. HP: 78/78 MP: 9/9
  7211 | D:6      | Found Foackuapp's Jewellery Emporium.
  7286 | D:7      | Noticed Joseph
  7302 | D:7      | Killed Joseph
  7303 | D:7      | Reached skill level 7 in Fighting
  7703 | D:7      | Reached skill level 8 in Fighting
  7986 | D:7      | Identified the +0 scale mail of Waonwiss {Regen+ Str+4
                  | Dex-3 Stlth+}
  7998 | D:7      | Found Jiuf's Antique Armour Emporium.
  8735 | D:8      | Reached skill level 9 in Fighting
  9046 | D:8      | Reached XP level 10. HP: 91/93 MP: 10/10
  9097 | D:8      | Learned a level 4 spell: Animate Dead
  9108 | D:8      | Reached skill level 10 in Fighting
  9250 | D:9      | Noticed a two-headed ogre
  9258 | D:9      | Paralysed by a hornet for 3 turns
  9264 | D:9      | HP: 1/93 [two-headed ogre (8)]
  9265 | D:9      | Reached skill level 1 in Spellcasting
  9676 | D:8      | Killed a two-headed ogre
  9915 | D:9      | Noticed a two-headed ogre
  9925 | D:9      | Killed a two-headed ogre
  9955 | D:9      | Noticed a two-headed ogre
  9970 | D:9      | Killed a two-headed ogre
  9971 | D:9      | Reached skill level 5 in Spellcasting
 10473 | D:9      | Found Ucrong's Lightly-Used Armoury.
 10527 | D:9      | Reached ***** piety under Kikubaaqudgha
 10914 | D:9      | Found a shimmering altar of Xom.
 11419 | D:10     | Entered Level 10 of the Dungeon
 11419 | D:10     | Found a staircase to the Lair.
 11451 | D:10     | Reached XP level 11. HP: 91/99 MP: 16/21
 11482 | D:10     | Noticed a centaur warrior
 11496 | D:10     | Noticed a five-headed hydra
 11499 | D:10     | Shot with an arrow by a centaur warrior

Illustrated notes

Levels and vault maps discovered:
D:1:      doesnt_arrival_eight_statues, layout_basic, serial_shops, shop
D:2:      layout_loops_ring, hellmonk_ecumenical_altar_run_dry
D:3:      layout_basic, small_statue_intersection,
          minmay_randomly_rotated_circles, uniq_sigmund
D:4:      layout_rooms, jmf_multi_god_temple
D:5:      layout_basic, zin_academy, nicolae_qazlal_general_emergency,
          mainiacjoe_overflow_catch_the_wave, temple_hall
D:6:      layout_loops_ring, mainiacjoe_overflow_24_doors, serial_shops,
          nicolae_lakefront_shop, gammafunk_ghost_necromancy, uniq_eustachio
D:7:      layout_basic, serial_shops, kennysheep_little_box, uniq_joseph
D:8:      layout_rooms, minmay_misc_feat_hallway, moated_statue
D:9:      layout_basic, mainiacjoe_overflow_catwalk, serial_bayou,
          serial_bayou_lagoon_a, serial_bayou_ford_a, serial_bayou_pond_e,
          serial_bayou_pond_b, minmay_shop_damaged, minmay_starry_boxes
D:10:     hangedman_cross_cluster, layout_cave_pools,
          mainiacjoe_overflow_brackets, nicolae_elyvilon_peaceful_grove,
          grunt_ministairs_3, serial_bayou_crossing

Skill      XL: |  1  2  3  4  5  6  7  8  9 10 |
---------------+-------------------------------+-----
Long Blades    | 4 5 6 7 8 9 |  9.0
Necromancy     | 1 3 4 6 8 9 |  9.6
Fighting       | 6 9 10 | 10.0
Spellcasting   | 6 |  6.8
Dodging        | |  2.6
Stealth        | |  1.7

Action                   |  1- 3 |  4- 6 |  7- 9 | 10-12 || total
-------------------------+-------+-------+-------+-------++-------
Melee: Falchion          |    79 |   107 |    13 |       ||   199
       Tailslap          |     9 |    16 |    56 |    17 ||    98
       Long sword        |       |       |   145 |       ||   145
       Scimitar          |       |       |   100 |   115 ||   215
Throw: Boomerang         |    33 |    22 |     1 |       ||    56
       Dart              |       |       |     4 |       ||     4
 Cast: Animate Skeleton  |       |     6 |     3 |     1 ||    10
       Animate Dead      |       |       |       |     5 ||     5
Invok: Receive Corpses   |     1 |       |       |     2 ||     3
 Abil: Breathe Noxious F |       |       |    25 |     7 ||    32
Evoke: Wand              |       |       |       |     1 ||     1
  Use: Scroll            |       |     3 |       |     1 ||     4
       Potion            |       |     1 |     1 |     1 ||     3
 Stab: Sleeping          |     2 |     1 |     3 |       ||     6
       Confused          |       |       |    19 |     8 ||    27
Armor: Skin              |    24 |    57 |    85 |    81 ||   247
Dodge: Dodged            |    43 |    90 |   132 |   107 ||   372
       Rpst.: Falchion   |    16 |    31 |     5 |       ||    52
       Long sword        |       |       |    23 |       ||    23
       Scimitar          |       |       |    22 |    22 ||    44
